 Dungeon Crawl Stone Soup version 0.26.0-45-g9c1d065592 (webtiles) character file.

Game seed: 31437482717837743

309 kreisler the Covert (level 6, -23/41 HPs)
             Began as an Octopode Brigand on Jan 30, 2021.
             Annihilated by an orc warrior
             ... wielding a +0 glaive
              (24 damage)
             ... on level 4 of the Dungeon.
             The game lasted 00:13:07 (3810 turns).

kreisler the Covert (Octopode Brigand)              Turns: 3810, Time: 00:13:09

Health: -23/41     AC:  1    Str: 13    XL:     6   Next: 41%
Magic:  6/6        EV: 13    Int: 13    God:
Gold:   209        SH:  0    Dex: 13    Spells: 5/5 levels left

rFire    . . .     SeeInvis .   a - +4 dagger
rCold    . . .     Faith    .   (no shield)
rNeg     . . .     Spirit   .   (helmet restricted)
rPois    .         Reflect  .   (no amulet)
rElec    .         Harm     .   (no ring)
rCorr    .         Rampage  .   (no ring)
Will     .....                  (no ring)
Stlth    +++++.....             (no ring)
HPRegen  0.13/turn              (no ring)
MPRegen  0.10/turn              (no ring)
                                (no ring)
                                (no ring)

@: no status effects
A: almost no armour, stealthy swim, amphibious, 8 rings, constrict 8, camouflage
1, gelatinous body 1
a: no special abilities


You were on level 4 of the Dungeon.
You visited 1 branch of the dungeon, and saw 4 of its levels.

You collected 209 gold pieces.

Inventory:

Hand Weapons
 a - a +4 dagger (weapon)
Missiles
 b - 3 poisoned darts (quivered)
 c - 2 curare-tipped darts
Jewellery
 g - a +6 ring of strength {unknown}
Scrolls
 h - a scroll of amnesia
 i - 3 scrolls of identify
 j - a scroll of random uselessness {unknown}
Potions
 d - 2 potions of curing
 e - a potion of might


   Skills:
 + Level 2.6 Fighting
 + Level 3.1 Short Blades
 + Level 2.7 Throwing
 + Level 2.1 Dodging
 + Level 8.6 Stealth


You had 5 spell levels left.
You didn't know any spells.
Your spell library was empty.

Dungeon Overview and Level Annotations

Branches:
Dungeon (4/15)
 Temple: D:4-7

Altars:
Cheibriados
Elyvilon
Hepliaklqana
Makhleb

Shops:
D:4 (


Innate Abilities, Weirdness & Mutations

You cannot wear most types of armour.
You are very stealthy in the water. (Stealth+)
You are amphibious.
You can wear up to eight rings at the same time.
You can use your tentacles to constrict eight enemies at once.
Your skin changes colour to match your surroundings (Stealth+).
Your rubbery body absorbs attacks. (AC +1, EV +1)


Message History

There is an open door here.
The orc warrior hits you from afar with a +0 glaive!
* * * LOW HITPOINT WARNING * * *
The orc warrior closely misses you.
You hit the orc warrior. Your grab misses the orc warrior.
The orc warrior is heavily wounded.
You barely miss the orc warrior. You grab the orc warrior.
The orc warrior is severely wounded.
You constrict the orc warrior, but do no damage.
The orc warrior closely misses you.
You hit the orc warrior but do no damage.
The orc warrior is severely wounded.
You constrict the orc warrior.
You hit the orc warrior but do no damage.
You squeeze the orc warrior, but do no damage.
The orc warrior is severely wounded.
You constrict the orc warrior, but do no damage.
The orc warrior hits you with a +0 glaive!!
Ouch! That really hurt!
You die...

#+####...#.............#
#........#.............#
#........#.............#
#........#.............#
#######..#.............#
..#####..#.............#
..#......###'###########
..#.......#....#..#
..#.......'....o@.#
..#(((....#....#..#
..#(################
...................#
...................#
#..................#
...................###
#.....########o.......
..##'##..'...'o).>....


You could see an orc warrior (poisoned).

Vanquished Creatures
  An ogre (D:4)
  2 orc wizards (D:3)
  4 adders (D:3)
  3 gnolls (D:3)
  A shadow imp (D:3)
  An ooze (D:3)
  An adder skeleton (D:4)
  2 worms (D:3)
  4 dart slugs
  2 leopard geckos (D:3)
  10 orcs
  4 giant cockroaches
  6 goblins
  6 hobgoblins
  A jackal (D:3)
  A ball python (D:2)
  5 bats
  5 frilled lizards
  9 kobolds
  8 rats
76 creatures vanquished.

Notes
Turn   | Place    | Note
-------+----------+-------------------------------------------
     0 | D:1      | kreisler the Octopode Brigand began the quest for the Orb.
     0 | D:1      | Reached XP level 1. HP: 14/14 MP: 1/1
   251 | D:1      | Reached XP level 2. HP: 19/19 MP: 2/2
   323 | D:1      | Reached skill level 6 in Stealth
   800 | D:2      | Found a faded altar of an unknown god.
   805 | D:2      | Reached XP level 3. HP: 24/24 MP: 3/3
  1406 | D:2      | Found a hazy altar of Hepliaklqana.
  1551 | D:3      | Found a white marble altar of Elyvilon.
  1563 | D:3      | Reached skill level 7 in Stealth
  1632 | D:3      | Reached XP level 4. HP: 21/29 MP: 4/4
  1816 | D:3      | Reached XP level 5. HP: 27/35 MP: 5/5
  2029 | D:3      | Reached skill level 8 in Stealth
  2465 | D:3      | Found a burning altar of Makhleb.
  3515 | D:4      | Noticed an ogre
  3524 | D:4      | Killed an ogre
  3525 | D:4      | Reached XP level 6. HP: 41/41 MP: 6/6
  3539 | D:4      | Found Qatidgh's Antique Weapon Boutique.
  3634 | D:4      | Found a snail-covered altar of Cheibriados.
  3735 | D:4      | Noticed an orc warrior
  3805 | D:4      | HP: 1/41 [orc warrior/+0 glaive (15)]
  3810 | D:4      | Annihilated by an orc warrior

Illustrated notes

Levels and vault maps discovered:
D:1:      minmay_arrival_shattered_statue, layout_loops_ring,
          minmay_statues_item, grunt_decor_resistance
D:2:      layout_basic, nzn_hepliaklqana_mist_gate,
          chequers_ecumenical_altar_simple
D:3:      minmay_recursive_quarters, layout_basic, general_overflow_altar,
          lemuel_round_altar
D:4:      layout_gridville, overflow_temple_1_default, serial_shops,
          nicolae_shop_crystal, uniq_duvessa, uniq_edmund

Skill      XL: |  1  2  3  4  5 |
---------------+----------------+-----
Stealth        | 6 7 8 |  8.6
Short Blades   | 3 |  3.1
Dodging        | 2 |  2.1
Fighting       | |  2.6
Throwing       | |  2.7

Action                   |  1- 3 |  4- 6 || total
-------------------------+-------+-------++-------
Melee: Dagger            |    60 |    82 ||   142
       Constrict         |    13 |    20 ||    33
       Tentacles         |     8 |    17 ||    25
Throw: Dart              |     3 |    23 ||    26
  Use: Scroll            |     6 |     4 ||    10
       Potion            |     4 |     5 ||     9
 Stab: Sleeping          |    12 |     6 ||    18
       Distracted        |       |     1 ||     1
Armor: Skin              |     1 |    10 ||    11
Dodge: Dodged            |    20 |    69 ||    89
